 Dungeon Crawl Stone Soup version 0.29.1-15-g9cfb28693d (webtiles) character file.

Game seed: 1220959374250774430

245 Heoruswealwe the Caller (level 5, -5/28 HPs)
             Began as a Deep Elf Summoner on Apr 30, 2023.
             Slain by a black bear (8 damage)
             ... created by the rage of Trog
             ... on level 3 of the Dungeon.
             The game lasted 00:27:30 (2637 turns).

Heoruswealwe the Caller (Deep Elf Summoner)         Turns: 2637, Time: 00:27:31

Health: -5/28      AC:  8    Str: 14    XL:     5   Next: 83%
Magic:  15/15      EV: 12    Int: 22    God:
Gold:   146        SH:  0    Dex: 15    Spells: 12/16 levels left

rFire   + . .      SeeInvis .   b - +4 war axe "Buimonus" {drain, rF+ Str+3}
rCold   . . .      Faith    .   (no shield)
rNeg    . . .      Spirit   .   c - +0 robe
rPois   .          Reflect  .   (no helmet)
rElec   .          Harm     .   h - +1 cloak
rCorr   .          Rampage  .   (no gloves)
Will    .....                   (no boots)
Stlth   ++........              (no amulet)
HPRegen 0.09/turn               k - +6 ring of strength
MPRegen 0.14/turn               j - +4 ring of protection

@: no status effects
A: no striking features
a: no special abilities


You were on level 3 of the Dungeon.
You visited 1 branch of the dungeon, and saw 3 of its levels.

You collected 146 gold pieces.

Inventory:

Hand Weapons
 b - the +4 war axe "Buimonus" (weapon) {drain, rF+ Str+3}
   (You found it on level 2 of the Dungeon)

   A truly terrible weapon, it drains the life of any living foe it strikes.
   Str:       It affects your strength (+3).
   rF:        It protects you from fire.
Armour
 c - a +0 robe (worn)
 h - a +1 cloak (worn)
 l - a +0 robe
 q - a +0 robe
 x - a +0 robe
 B - a +0 robe
Magical Staves
 m - a staff of death
Jewellery
 f - an amulet of magic regeneration
 j - a +4 ring of protection (right hand)
 k - a +6 ring of strength (left hand)
Scrolls
 a - a scroll of enchant weapon {unknown}
 d - 2 scrolls of teleportation {unknown}
 e - a scroll of immolation {unknown}
 g - a scroll of brand weapon {unknown}
 n - a scroll of amnesia {unknown}
 r - a scroll of fog {unknown}
 u - a scroll of vulnerability {unknown}
 v - a scroll of enchant armour {unknown}
 w - a scroll of noise {unknown}
 y - a scroll of identify {unknown}
Potions
 i - a potion of heal wounds {unknown}
 o - a potion of magic
 p - 2 potions of resistance {unknown}
 s - a potion of curing {unknown}
 t - 2 potions of flight {unknown}
 z - a potion of mutation {unknown}
 A - 2 potions of ambrosia {unknown}


   Skills:
 - Level 2.4 Dodging
 - Level 2.4 Stealth
 + Level 6.2 Spellcasting
 + Level 6.3 Summonings


You had 12 spell levels left.
You knew the following spells:

 Your Spells              Type           Power      Damage    Failure   Level
a - Summon Small Mammal   Summ           100%       N/A       1%          1
b - Call Canine Familiar  Summ           34%        N/A       1%          3

Your spell library contained the following spells:

 Spells                   Type           Power      Damage    Failure   Level
 Call Imp                 Summ           34%        N/A       1%          2
 Summon Guardian Golem    Hex/Summ       20%        N/A       8%          3
 Beastly Appendage        Tmut           12%        N/A       9%          1
 Wereblood                Tmut           6%         N/A       14%         2
 Summon Lightning Spire   Summ/Air       20%        N/A       24%         4
 Gell's Gravitas          Tloc           6%         N/A       26%         3
 Lesser Beckoning         Tloc           6%         N/A       26%         3
 Spider Form              Tmut/Pois      6%         N/A       26%         3
 Teleport Other           Tloc           6%         N/A       26%         3


Dungeon Overview and Level Annotations

Branches:
Dungeon (3/15)

Altars:
Elyvilon
Trog


Message History

The black bear rages. x2
The polar bear bites the fungus!
The fungus begins to die.
The polar bear claws the fungus.
The polar bear claws the fungus!
Your hound barely misses the black bear.
The black bear bites you! The black bear closely misses you.
The black bear claws you but does no damage.
The black bear bites you but does no damage.
The black bear closely misses you.
The black bear claws you but does no damage.
The polar bear bites the fungus!
The fungus begins to die.
The polar bear claws the fungus. x2; Your hound bites the black bear.
The black bear misses you.
The black bear claws you but does no damage.
The black bear claws you.
The polar bear bites the fungus!
The polar bear claws the fungus. x2
The black bear rages.
The black bear bites you!
* * * LOW HITPOINT WARNING * * *
The black bear claws you.
* * * LOW HITPOINT WARNING * * *
The black bear claws you but does no damage.
The black bear bites the fungus.
The fungus begins to die.
The black bear claws the fungus. x2; The polar bear bites the fungus!!
The polar bear claws the fungus.
The polar bear claws the fungus!
Your hound bites the black bear.
The black bear attacks as you move away!
The black bear bites you.
* * * LOW HITPOINT WARNING * * *
The black bear claws you.
* * * LOW HITPOINT WARNING * * *
The black bear barely misses you.
The polar bear bites the fungus.
The polar bear claws the fungus!
The polar bear claws the fungus.
Something bites your hound. Something barely misses your hound. x2
The polar bear rages.
The polar bear bites the fungus!!
The polar bear claws the fungus. x2
The black bear bites something!
The black bear claws something. x2
The black bear rages.
The black bear bites the fungus!
The fungus begins to die.
The black bear claws the fungus. x2; The black bear bites you!
You die...

####.>..#
#......#
#?#.....#
########
#.#.....#
#.#.....#
#.#.....#
#h#######
####.#PPP.P.##
......P$.hhh.#
####.#P$$$P#@####
#..P$$hP.....#
#######
#..P.P.P##.###
#......
##...#####.#
#.##### ##### #.#
#.# #.# #.# #.#
#.# #.# #.# #.#
#.#


You could see a polar bear (berserk), 3 black bears and a friendly hound
(summoned).

Vanquished Creatures
  Crazy Yiuf (D:3)
  3 adders
  A bat (D:2)
  A goblin (D:2)
  A hobgoblin (D:2)
  A kobold (D:3)
8 creatures vanquished.

Vanquished Creatures (collateral kills)
  A hound (D:3)
  An orc priest (D:3)
  An orc wizard (D:3)
  3 gnolls (D:2)
  An adder (D:2)
  2 worms (D:2)
  2 dart slugs (D:1)
  6 orcs (D:3)
  2 bats (D:1)
  3 endoplasms
  A giant cockroach (D:1)
  5 goblins
  5 hobgoblins
  3 ball pythons (D:1)
  A frilled lizard (D:1)
  10 kobolds
  2 rats (D:1)
49 creatures vanquished.

Vanquished Creatures (others)
  4 toadstools (D:3)
4 creatures vanquished.

Grand Total: 61 creatures vanquished

Notes
Turn   | Place    | Note
-------+----------+-------------------------------------------
     0 | D:1      | Heoruswealwe the Deep Elf Summoner began the quest for the
                  | Orb.
     0 | D:1      | Reached XP level 1. HP: 10/10 MP: 6/6
     4 | D:1      | Noticed a demigod
     4 | D:1      | Noticed a spriggan
     6 | D:1      | Noticed a felid
     6 | D:1      | Noticed a draconian
     8 | D:1      | Noticed a ghoul
     8 | D:1      | Noticed a formicid
    10 | D:1      | Noticed a palentonga
    10 | D:1      | Noticed a vampire
    12 | D:1      | Noticed a tengu
    12 | D:1      | Noticed an octopode
    14 | D:1      | Noticed a vine stalker
    16 | D:1      | Noticed a human
    16 | D:1      | Noticed an ogre
    18 | D:1      | Noticed an elf
    18 | D:1      | Noticed a troll
    20 | D:1      | Noticed a merfolk
    20 | D:1      | Noticed a meteoran
    22 | D:1      | Noticed a gargoyle
    22 | D:1      | Noticed a naga
    24 | D:1      | Noticed a minotaur
    24 | D:1      | Noticed a troll
    26 | D:1      | Noticed a meteoran
    26 | D:1      | Noticed a ghoul
   170 | D:1      | Reached XP level 2. HP: 15/15 MP: 4/8
  1222 | D:2      | Reached skill level 5 in Summonings
  1222 | D:2      | Reached XP level 3. HP: 4/19 MP: 7/10
  1231 | D:2      | Learned a level 3 spell: Call Canine Familiar
  1363 | D:2      | Identified the +4 war axe "Buimonus" {drain, rF+ Str+3}
  1481 | D:2      | Reached XP level 4. HP: 24/24 MP: 10/12
  1587 | D:2      | Reached skill level 5 in Spellcasting
  1719 | D:2      | Found a faded altar of an unknown god.
  1776 | D:2      | Prayed at the altar of an unknown god.
  1776 | D:2      | Became a worshipper of Trog the Wrathful
  1776 | D:2      | Reached * piety under Trog
  1777 | D:2      | Fell from the grace of Trog
  2017 | D:3      | Found a runed translucent door.
  2018 | D:3      | Noticed Crazy Yiuf
  2039 | D:3      | Killed Crazy Yiuf
  2280 | D:3      | Found a white marble altar of Elyvilon.
  2323 | D:3      | Reached XP level 5. HP: 28/28 MP: 11/14
  2633 | D:3      | Noticed a black bear
  2633 | D:3      | Noticed a black bear
  2633 | D:3      | Noticed a black bear
  2633 | D:3      | Noticed a polar bear
  2633 | D:3      | Noticed a black bear
  2637 | D:3      | Slain by a black bear

Illustrated notes

Levels and vault maps discovered:
D:1:      kb_arrival_jail, layout_basic
D:2:      minmay_inner_zag, layout_basic, shapermc_ecumenical_altar_venn
D:3:      layout_basic, mainiacjoe_overflow_boulevard, minmay_gold_behind_fungi,
          uniq_crazy_yiuf_cottage

Skill      XL: |  1  2  3  4  5 |
---------------+----------------+-----
Spellcasting   | 4 5 6 |  6.2
Summonings     | 5 6 |  6.3
Dodging        | |  2.4
Stealth        | |  2.4

Action                   |  1- 3 |  4- 6 || total
-------------------------+-------+-------++-------
Melee: Unarmed           |     1 |       ||     1
       War axe           |     1 |    20 ||    21
 Cast: Summon Small Mamm |    33 |       ||    33
       Call Canine Famil |     6 |    12 ||    18
Invok: Renounce Religion |       |     1 ||     1
 Stab: Sleeping          |       |     1 ||     1
Armor: Robe              |     9 |    10 ||    19
Dodge: Dodged            |    18 |    27 ||    45
